Replay - 16-01-06 [PvZ]BUILD STANDARD

Build Order

Get SALT Encoding   

  12  0:01  Probe (Chrono Boost)  
  13  0:11  Probe (Chrono Boost)  
  14  0:19  Pylon  
  14  0:22  Probe (Chrono Boost)  
  15  0:37  Probe (Chrono Boost)  
  16  0:48  Probe (Chrono Boost)  
  17  0:58  Nexus  
  17  1:01  Probe (Chrono Boost)  
  18  1:10  Gateway  
  18  1:14  Probe (Chrono Boost)  
  18  1:18  Assimilator  
  19  1:24  Probe (Chrono Boost)  
  20  1:26  Assimilator  
  20  1:35  Probe (Chrono Boost)  
  21  1:44  Gateway  
  21  1:45  Probe (Chrono Boost)  
  22  1:56  Probe (Chrono Boost)  
  23  2:02  Cybernetics Core  
  23  2:10  Zealot (Chrono Boost), Probe (Chrono Boost)  
  23  2:11  Probe (Chrono Boost)  
  27  2:20  Probe  
  27  2:21  Probe  
  29  2:32  Probe (Chrono Boost)  
  29  2:33  Probe (Chrono Boost)  
  31  2:39  Adept x2 (Chrono Boost)  
  31  2:41  Warp Gate  
  31  2:43  Probe  
  36  2:44  Probe  
  36  2:48  Pylon  
  37  2:56  Probe  
  38  3:05  Pylon  
  38  3:06  Probe (Chrono Boost)  
  38  3:07  Sentry x2 (Chrono Boost)  
  38  3:08  Probe (Chrono Boost)  
  44  3:19  Mothership Core (Chrono Boost)  
  46  3:23  Probe (Chrono Boost)  
  47  3:27  Pylon  
  47  3:31  Sentry, Adept  
  47  3:34  Probe (Chrono Boost)  
  52  3:37  Probe (Chrono Boost)  
  53  3:44  Probe (Chrono Boost)  
  53  3:45  Nexus  
  53  3:47  Pylon  
  54  3:49  Probe (Chrono Boost)  
  54  3:55  Probe (Chrono Boost)  
  56  4:00  Probe (Chrono Boost)  
  57  4:04  Assimilator x2  
  57  4:07  Gateway  
  57  4:09  Gateway  
  57  4:11  Probe (Chrono Boost)  
  57  4:12  Probe (Chrono Boost)  
  59  4:21  Probe (Chrono Boost)  
  59  4:23  Probe (Chrono Boost)  
  61  4:28  Stargate  
  61  4:29  Stargate  
  61  4:32  Probe (Chrono Boost)  
  61  4:33  Probe (Chrono Boost)  
  63  4:42  Probe (Chrono Boost)  
  63  4:44  Probe (Chrono Boost)  
  65  4:48  Pylon  
  65  4:50  Adept x2  
  65  4:51  Pylon  
  69  4:53  Probe (Chrono Boost)  
  69  4:57  Probe (Chrono Boost)  
  71  5:03  Twilight Council, Probe (Chrono Boost)  
  72  5:07  Probe x2 (Chrono Boost)  
  72  5:12  Phoenix (Chrono Boost)  
  72  5:13  Phoenix (Chrono Boost)  
  78  5:14  Probe  
  78  5:17  Probe  
  78  5:18  Probe  
  81  5:21  Phoenix (Chrono Boost)  
  81  5:23  Robotics Facility  
  81  5:26  Probe  
  81  5:27  Probe  
  82  5:29  Assimilator  
  82  5:30  Probe, Assimilator  
  82  5:33  Pylon  
  82  5:34  Pylon  
  84  5:46  Phoenix (Chrono Boost)  
  84  5:47  Probe, Phoenix (Chrono Boost)  
  84  5:48  Probe  
  90  5:57  Probe, Charge  
  90  6:04  Zealot x4  
  97  6:05  Probe, Phoenix (Chrono Boost)  
  97  6:06  Probe  
  97  6:08  Probe  
  97  6:11  Immortal (Chrono Boost), Phoenix (Chrono Boost)  
  104  6:17  Probe  
  111  6:20  Probe x2  
  111  6:25  Pylon  
  113  6:26  Pylon  
  113  6:30  Gateway  
  113  6:33  Gateway, Phoenix  
  113  6:34  Phoenix  
  117  6:50  Probe x2  
  117  6:52  Immortal (Chrono Boost)  
  123  6:59  Zealot x4  
  131  7:08  Probe x2  
  133  7:12  Gateway x2  
  133  7:14  Gateway  
  133  7:15  Gateway  
  133  7:16  Templar Archives, Colossus (Chrono Boost)  
  133  7:19  Gateway  
  133  7:20  Gateway  
  133  7:31  Pylon  
  133  7:33  Pylon  
  133  7:35  Pylon  
  133  7:37  Void Ray  
  133  7:40  Protoss Air Weapons Level 1  
  133  7:43  Void Ray  
  133  7:47  Blink  
  137  7:51  Pylon  
  137  7:53  Pylon  
  137  7:54  Warp Prism (Chrono Boost)  
  137  7:55  High Templar x2, Probe  
  137  7:56  Pylon, High Templar x2  
  148  8:01  Archon x2  
  148  8:11  Pylon  
  148  8:13  High Templar  
  148  8:14  High Templar, Zealot x2  
  148  8:15  Zealot x2  
  144  8:28  Stalker x4  
  142  8:35  Phoenix x2  
  142  8:39  Probe x2  
  142  8:40  Zealot x3  
  152  8:42  Probe  
  152  8:48  Archon  
  143  8:54  Zealot x4  
  129  9:05  Zealot x4  
  129  9:06  Zealot x4  
  143  9:19  High Templar x4  
  151  9:25  Archon x2  
  151  9:27  Zealot  
  151  9:28  Zealot x4  
  139  9:37  Zealot x3  
  123  9:48  Zealot x5  
Spawning Tool Build Advisor. Get it on Overwolf

Go to:

Details

  • Created by: PeterLiu
  • Published on: Mar 05, 2016
  • Modified on: Mar 05, 2016
  • Patch: Pre-3.8.0
Show
View Real Time Build Order
Export as new Build Order

Comments (0)

There are no comments. Be the first!

Create an account to comment!